ARIZONA Coyotes vs BOSTON Bruins

Created - 26 février 2024 at 23:15

Goals
1 2 3 OT1 T
ARIZONA Coyotes 4 0 1 0 5
BOSTON Bruins 2 0 3 1 6
Shots
1 2 3 OT1 T
ARIZONA Coyotes 18 12 20 0 50
BOSTON Bruins 9 9 14 3 35

1st period

1. ARIZONA Coyotes , Ryan Nugent-Hopkins 15 (Auston Matthews 18, Artemi Panarin 18) at 0:58 (PP)
2. ARIZONA Coyotes , Artemi Panarin 6 (Auston Matthews 19) at 9:53
3. BOSTON Bruins , Kirill Kaprizov 8 (Victor Hedman 17) at 10:58
4. ARIZONA Coyotes , Pierre-Edouard Bellemare 6 (Brandon Sutter 3, Mikey Anderson 6) at 15:56
5. ARIZONA Coyotes , Sam Reinhart 18 (Rickard Rakell 15, Scott Mayfield 10) at 17:43 (PP)
6. BOSTON Bruins , Kirill Kaprizov 9 (Jaycob Megna 6, Joel Eriksson Ek 10) at 18:25

Penalties :
Victor Hedman (BOS) for Tripping (Minor) at 0:03, Mikey Anderson (ARI) for Holding (Minor) at 3:49, Jaycob Megna (BOS) for Fighting (Major) at 8:42, Pierre-Edouard Bellemare (ARI) for Fighting (Major) at 8:42, Andrew Peeke (BOS) for Holding (Minor) at 16:13

2nd period

No Goal

Penalties :
Frank Vatrano (BOS) for Holding (Minor) at 3:27, Victor Hedman (BOS) for Roughing (Minor) at 6:10, Tomas Hertl (BOS) for Tripping (Minor) at 9:08, Andrew Peeke (BOS) for Diving (Minor) at 12:55

3rd period

7. ARIZONA Coyotes , Sam Reinhart 19 (Artemi Panarin 19, Vladislav Gavrikov 9) at 0:16
8. BOSTON Bruins , Tomas Hertl 5 (Victor Hedman 18, Shea Theodore 13) at 2:03
9. BOSTON Bruins , Matt Dumba 3 (Bo Horvat 15, Brad Marchand 16) at 4:50
10. BOSTON Bruins , Kirill Kaprizov 10 (Bo Horvat 16, Victor Hedman 19) at 9:38 (PP)

Penalties :
Vladislav Gavrikov (ARI) for Tripping (Minor) at 9:30, Pierre-Edouard Bellemare (ARI) for Cross-checking (Minor) at 11:56, Victor Hedman (BOS) for High sticking (Minor) at 15:00

Overtime #1

11. BOSTON Bruins , Matt Dumba 4 (Frank Vatrano 11) at 2:19

Penalties :
No Penalty

Goalie Stats

Andrei Vasilevskiy (ARI), 29 saves from 35 shots - (0,829), OTL, 19-5-2, 62:20 minutes
Tristan Jarry (BOS), 45 saves from 50 shots - (0,900), W, 10-14-2, 62:20 minutes

Players Stats for ARIZONA Coyotes

Player Name              G  A  P  +/- PIM S  H  SB GA TA FO     MP     PP MP  PK MP  
------------------------------------------------------------------------------------
Alec Martinez            0  0  0  -2  0   0  0  1  0  0  0/0    17:12   0:00   2:08 
Artemi Panarin           1  2  3  -1  0   7  1  1  0  0  1/3    25:34   6:32   0:00 
Auston Matthews          0  2  2  -1  0   6  2  0  0  0  22/43  26:57   6:32   0:32 
Brandon Sutter           0  1  1   0  0   1  0  2  0  0  7/15    8:44   0:00   2:53 
Frederick Gaudreau       0  0  0   0  0   4  0  0  0  0  2/10    7:23   0:00   0:41 
Jonas Siegenthaler       0  0  0  -2  0   2  4  0  0  0  0/0    16:36   0:00   1:53 
Mark Scheifele           0  0  0  -1  0   8  2  0  0  0  17/25  19:39   6:32   0:00 
Michael Bunting          0  0  0   0  0   1  3  0  0  0  0/0    13:03   5:30   0:00 
Mikey Anderson           0  1  1   1  2   0  0  0  0  0  0/0    10:57   0:00   1:02 
Nick Bonino              0  0  0   0  0   0  0  0  0  0  0/0     6:01   0:00   0:10 
Pierre-Edouard Bellemare 1  0  1   0  7   1  1  0  0  0  1/1     5:19   0:00   0:00 
Rickard Rakell           0  1  1  -1  0   1  0  0  0  0  0/2    21:10   5:48   1:03 
Roman Josi               0  0  0   0  0   2  3  2  0  0  0/0    26:17   6:50   0:32 
Ryan Hartman             0  0  0   0  0   2  0  0  0  0  0/0    12:30   5:48   0:00 
Ryan Nugent-Hopkins      1  0  1  -1  0   8  0  0  0  0  1/2    22:50   6:50   2:53 
Sam Reinhart             2  0  2   0  0   3  0  0  0  0  2/7    23:42   5:48   0:00 
Scott Mayfield           0  1  1   0  0   2  0  0  0  0  0/0    17:59   5:30   0:32 
Vladislav Gavrikov       0  1  1   0  2   2  3  2  0  0  0/0    20:57   0:00   2:05 

Players Stats for BOSTON Bruins

Player Name              G  A  P  +/- PIM S  H  SB GA TA FO     MP     PP MP  PK MP  
------------------------------------------------------------------------------------
Adam Lowry               0  0  0   1  0   2  1  0  0  0  11/22  11:13   0:00   8:15 
Adrian Kempe             0  0  0   0  0   0  1  1  0  0  0/2    18:31   2:09   0:00 
Andrew Peeke             0  0  0   0  4   4  2  2  0  0  0/0    24:06   0:00   6:25 
Blake Wheeler            0  0  0   1  0   1  0  0  0  0  1/1     8:48   0:00   0:00 
Bo Horvat                0  2  2   0  0   2  1  0  0  0  13/25  18:48   2:09   0:17 
Brad Hunt                0  0  0   1  0   0  1  0  0  0  0/0     9:23   0:00   0:00 
Brad Marchand            0  1  1   0  0   1  0  1  0  0  2/4    26:41   2:09   8:10 
Frank Vatrano            0  1  1   1  2   2  0  0  0  0  0/0    18:48   1:57   0:00 
Jaycob Megna             0  1  1   1  5   0  2  2  0  0  0/0    11:05   0:00   2:18 
Joel Eriksson Ek         0  1  1   0  0   5  4  1  0  0  14/30  21:09   1:57   3:03 
Kirill Kaprizov          3  0  3   0  0   7  0  0  0  0  1/1    18:28   2:19   0:00 
Matt Dumba               2  0  2   1  0   2  5  3  0  0  0/0    26:47   1:47   8:11 
Michael Pezzetta         0  0  0   0  0   0  1  0  0  0  0/0     2:15   0:00   0:00 
Nathan Walker            0  0  0   1  0   1  0  0  0  0  1/1    13:49   0:00   3:24 
Phil Kessel              0  0  0   0  0   0  0  0  0  0  0/0     2:15   0:00   0:00 
Shea Theodore            0  1  1   0  0   2  0  1  0  0  0/0    24:16   1:47   4:21 
Tomas Hertl              1  0  1   1  2   4  1  1  0  0  12/22  13:06   1:57   0:45 
Victor Hedman            0  3  3   0  6   2  3  1  0  0  0/0    25:04   2:19   4:11 

3 Stars

1 - Matt Dumba (BOS)
2 - Kirill Kaprizov (BOS)
3 - Sam Reinhart (ARI)

Power Play

ARIZONA Coyotes - 2 on 7 Attempt(s) - 28,57%
BOSTON Bruins - 1 on 3 Attempt(s) - 33,33%

Penalty Kill

ARIZONA Coyotes - 2 on 3 Attempt(s) - 66,67% - Score 0 goal in Penalty Kill
BOSTON Bruins - 5 on 7 Attempt(s) - 71,43% - Score 0 goal in Penalty Kill

Team Stat

ARIZONA Coyotes - Hits : 19 - Faceoff Wins : 53 - Blocked Shots : 8 - Penalty Minutes : 11
BOSTON Bruins - Hits : 22 - Faceoff Wins : 55 - Blocked Shots : 13 - Penalty Minutes : 19

Official

Referees : Brian Pochmara and Kendrick Nicholson
Linesman : Libor Suchanek and Bryan Pancich

Game Notes

Jaycob Megna and Pierre-Edouard Bellemare fight to a draw at 8:42 of 1st period
Kirill Kaprizov has scored a Hat Trick!

Finance

Level 1 -- Attendance: 4854 (80,90%) -- Ticket Income $485,400
Level 2 -- Attendance: 4252 (85,04%) -- Ticket Income $255,120
Level 3 -- Attendance: 2000 (100,00%) -- Ticket Income $70,000
Level 4 -- Attendance: 3796 (94,90%) -- Ticket Income $75,920
Luxury Box -- Attendance: 871 (87,10%) -- Ticket Income $174,200
Game was played at the TD Garden.
Total Attendance: 15773 (87,63%)
Total Ticket Income: $1,060,640
Other Income: $265,160
Total Income: $1,325,800

ARIZONA Coyotes

5 vs 5 Forward 
   Center                   Left Wing                Right Wing               Time % Phy DF OF 
 1 Auston Matthews          Artemi Panarin           Sam Reinhart             52     1   1  3  
 2 Mark Scheifele           Ryan Nugent-Hopkins      Rickard Rakell           40     1   1  3  
 3 Frederick Gaudreau       Michael Bunting          Ryan Hartman             8      1   2  2  
 4 Brandon Sutter           Nick Bonino              Pierre-Edouard Bellemare 0      2   3  0  

5 vs 5 Defense 
   Defense                  Defense                                           Time % Phy DF OF 
 1 Roman Josi               Vladislav Gavrikov                                50     1   2  2  
 2 Alec Martinez            Jonas Siegenthaler                                30     1   2  2  
 3 Mikey Anderson           Scott Mayfield                                    20     1   3  1  
 4 Roman Josi               Scott Mayfield                                    0      1   2  2  

PowerPlay Forward 
   Center                   Left Wing                Right Wing               Time % Phy DF OF 
 1 Auston Matthews          Mark Scheifele           Artemi Panarin           80     0   1  4  
 2 Sam Reinhart             Rickard Rakell           Ryan Hartman             20     1   1  3  

PowerPlay Defense
   Defense                  Defense                                           Time % Phy DF OF 
 1 Roman Josi               Ryan Nugent-Hopkins                               80     0   2  3  
 2 Scott Mayfield           Michael Bunting                                   20     1   2  2  

Penalty Kill 4 Players Forward 
   Center                   Wing                     Time % Phy DF OF 
 1 Brandon Sutter           Ryan Nugent-Hopkins      70     0   4  1  
 2 Frederick Gaudreau       Nick Bonino              30     1   4  0  

Penalty Kill 4 Players Defense
   Defense                  Defense                  Time % Phy DF OF 
 1 Vladislav Gavrikov       Alec Martinez            69     1   3  1  
 2 Mikey Anderson           Jonas Siegenthaler       31     2   3  0  

Penalty Kill - 3 Players Forward 
   Forward                                           Time % Phy DF OF 
 1 Brandon Sutter                                    60     1   4  0  
 2 Frederick Gaudreau                                40     1   3  1  

Penalty Kill - 3 Players Defense
   Defense                  Defense                  Time % Phy DF OF 
 1 Scott Mayfield           Alec Martinez            60     2   3  0  
 2 Scott Mayfield           Jonas Siegenthaler       40     2   3  0  

4 vs 4 Forward 
   Center                   Wing                     Time % Phy DF OF 
 1 Auston Matthews          Artemi Panarin           60     1   2  2  
 2 Mark Scheifele           Ryan Nugent-Hopkins      40     1   2  2  

4 vs 4 Defense
   Defense                  Defense                  Time % Phy DF OF 
 1 Roman Josi               Scott Mayfield           60     1   2  2  
 2 Alec Martinez            Jonas Siegenthaler       40     1   2  2  

Last Minutes Offensive
   Center                   Left Wing                Right Wing               Defense                  Defense                  
   Auston Matthews          Artemi Panarin           Sam Reinhart             Roman Josi               Ryan Nugent-Hopkins      

Last Minutes Defensive
   Center                   Left Wing                Right Wing               Defense                  Defense                  
   Brandon Sutter           Frederick Gaudreau       Pierre-Edouard Bellemare Vladislav Gavrikov       Alec Martinez            

Goaltenders
Starting : Andrei Vasilevskiy       
Backup : Kevin Lankinen           

Extra Forwards
Normal : Michael Bunting, Artemi Panarin, Frederick Gaudreau - PP : Michael Bunting, Artemi Panarin - PK : Frederick Gaudreau
Extra Defensemen
Normal : Mikey Anderson, Vladislav Gavrikov, Alec Martinez - PP : Mikey Anderson - PK : Vladislav Gavrikov, Alec Martinez
Penalty Shots
Auston Matthews, Ryan Nugent-Hopkins, Mark Scheifele, Sam Reinhart, Rickard Rakell

Scratches
Morgan Frost (Healthy)

BOSTON Bruins

5 vs 5 Forward 
   Center                   Left Wing                Right Wing               Time % Phy DF OF 
 1 Bo Horvat                Brad Marchand            Adrian Kempe             38     1   2  2  
 2 Joel Eriksson Ek         Kirill Kaprizov          Frank Vatrano            34     1   2  2  
 3 Tomas Hertl              Nathan Walker            Blake Wheeler            20     1   2  2  
 4 Adam Lowry               Michael Pezzetta         Phil Kessel              8      1   2  2  

5 vs 5 Defense 
   Defense                  Defense                                           Time % Phy DF OF 
 1 Victor Hedman            Shea Theodore                                     43     1   2  2  
 2 Andrew Peeke             Matt Dumba                                        41     1   3  1  
 3 Jaycob Megna             Brad Hunt                                         16     2   2  1  
 4 Victor Hedman            Shea Theodore                                     0      1   2  2  

PowerPlay Forward 
   Center                   Left Wing                Right Wing               Time % Phy DF OF 
 1 Bo Horvat                Brad Marchand            Adrian Kempe             60     1   2  2  
 2 Tomas Hertl              Joel Eriksson Ek         Frank Vatrano            40     1   2  2  

PowerPlay Defense
   Defense                  Defense                                           Time % Phy DF OF 
 1 Victor Hedman            Kirill Kaprizov                                   60     1   2  2  
 2 Matt Dumba               Shea Theodore                                     40     1   2  2  

Penalty Kill 4 Players Forward 
   Center                   Wing                     Time % Phy DF OF 
 1 Adam Lowry               Brad Marchand            60     1   2  2  
 2 Joel Eriksson Ek         Andrew Peeke             40     1   2  2  

Penalty Kill 4 Players Defense
   Defense                  Defense                  Time % Phy DF OF 
 1 Victor Hedman            Andrew Peeke             60     1   2  2  
 2 Matt Dumba               Shea Theodore            40     1   2  2  

Penalty Kill - 3 Players Forward 
   Forward                                           Time % Phy DF OF 
 1 Adam Lowry                                        60     1   2  2  
 2 Joel Eriksson Ek                                  40     1   2  2  

Penalty Kill - 3 Players Defense
   Defense                  Defense                  Time % Phy DF OF 
 1 Victor Hedman            Andrew Peeke             60     1   2  2  
 2 Matt Dumba               Shea Theodore            40     1   2  2  

4 vs 4 Forward 
   Center                   Wing                     Time % Phy DF OF 
 1 Bo Horvat                Brad Marchand            60     1   2  2  
 2 Joel Eriksson Ek         Adrian Kempe             40     1   2  2  

4 vs 4 Defense
   Defense                  Defense                  Time % Phy DF OF 
 1 Victor Hedman            Shea Theodore            60     1   2  2  
 2 Andrew Peeke             Matt Dumba               40     1   2  2  

Last Minutes Offensive
   Center                   Left Wing                Right Wing               Defense                  Defense                  
   Bo Horvat                Kirill Kaprizov          Andrew Peeke             Victor Hedman            Shea Theodore            

Last Minutes Defensive
   Center                   Left Wing                Right Wing               Defense                  Defense                  
   Bo Horvat                Brad Marchand            Adrian Kempe             Victor Hedman            Andrew Peeke             

Goaltenders
Starting : Tristan Jarry            
Backup : Casey DeSmith            

Extra Forwards
Normal : Kirill Kaprizov, Tomas Hertl, Brad Marchand - PP : Kirill Kaprizov, Tomas Hertl - PK : Adam Lowry
Extra Defensemen
Normal : Victor Hedman, Shea Theodore, Matt Dumba - PP : Victor Hedman - PK : Andrew Peeke, Victor Hedman
Penalty Shots
Bo Horvat, Adrian Kempe, Kirill Kaprizov, Tomas Hertl, Brad Marchand

Scratches
None


% Time on Ice - ARIZONA Coyotes

Lines # - Real PCT - Wanted PCT - Time Play
Normal Forward
1 - 41% - 52% - 17:54
2 - 30% - 40% - 13:07
3 - 15% - 8% - 6:42
4 - 13% - 0% - 5:51
Normal Defense
1 - 43% - 50% - 18:53
2 - 34% - 30% - 14:43
3 - 23% - 20% - 9:56
4 - 0% - 0% - 0:02
PP Forward
1 - 53% - 80% - 6:32
2 - 47% - 20% - 5:48
PP Defense
1 - 55% - 80% - 6:50
2 - 45% - 20% - 5:30
PK Forward
1 - 96% - 70% - 3:56
2 - 4% - 30% - 0:10
PK Defense
1 - 54% - 69% - 2:13
2 - 46% - 31% - 1:53
PK3 Forward
1 - 0% - 60%
2 - 0% - 40%
PK3 Defense
1 - 0% - 60%
2 - 0% - 40%
44 Forward
1 - 0% - 60%
2 - 0% - 40%
44 Defense
1 - 0% - 60%
2 - 0% - 40%
Last Minute Offensive  - 0:00
Last Minute Defensive  - 0:00
Total
Forward - 60:00
Defense - 60:00

% Time on Ice - BOSTON Bruins

Lines # - Real PCT - Wanted PCT - Time Play
Normal Forward
1 - 38% - 38% - 16:22
2 - 37% - 34% - 16:09
3 - 20% - 20% - 8:48
4 - 5% - 8% - 2:15
Normal Defense
1 - 42% - 43% - 18:05
2 - 37% - 41% - 16:06
3 - 22% - 16% - 9:23
4 - 0% - 0% - 0:00
PP Forward
1 - 52% - 60% - 2:09
2 - 48% - 40% - 1:57
PP Defense
1 - 57% - 60% - 2:19
2 - 43% - 40% - 1:47
PK Forward
1 - 75% - 60% - 9:17
2 - 25% - 40% - 3:03
PK Defense
1 - 80% - 60% - 9:51
2 - 20% - 40% - 2:29
PK3 Forward
1 - 0% - 60%
2 - 0% - 40%
PK3 Defense
1 - 0% - 60%
2 - 0% - 40%
44 Forward
1 - 0% - 60%
2 - 0% - 40%
44 Defense
1 - 0% - 60%
2 - 0% - 40%
Last Minute Offensive  - 0:00
Last Minute Defensive  - 0:00
Total
Forward - 60:00
Defense - 60:00

Play-by-Play

1st period


0:01 of 1st period - Auston Matthews wins face-off versus Bo Horvat in neutral zone.
0:03 of 1st period - Minor Penalty to Victor Hedman for Tripping.
0:04 of 1st period - Adam Lowry wins face-off versus Auston Matthews in BOSTON Bruins zone.
0:30 of 1st period - Shot by Auston Matthews.
0:30 of 1st period - Stopped by Tristan Jarry without a rebound.
0:31 of 1st period - Sam Reinhart wins face-off versus Adam Lowry in BOSTON Bruins zone.
0:48 of 1st period - Shot by Rickard Rakell.
0:48 of 1st period - Shot Misses the Net.
0:50 of 1st period - Shot by Ryan Hartman.
0:50 of 1st period - Stopped by Tristan Jarry without a rebound.
0:51 of 1st period - Artemi Panarin wins face-off versus Joel Eriksson Ek in BOSTON Bruins zone.
0:52 of 1st period - Shot by Ryan Nugent-Hopkins.
0:52 of 1st period - Stopped by Tristan Jarry with a rebound.
0:54 of 1st period - Shot by Auston Matthews.
0:54 of 1st period - Shot Blocked by Joel Eriksson Ek.
0:56 of 1st period - Shot by Ryan Nugent-Hopkins.
0:56 of 1st period - Stopped by Tristan Jarry with a rebound.
0:58 of 1st period - Shot by Ryan Nugent-Hopkins.
0:58 of 1st period - Goal by Ryan Nugent-Hopkins - ARIZONA Coyotes : 1 - BOSTON Bruins : 0.
0:59 of 1st period - Joel Eriksson Ek wins face-off versus Auston Matthews in neutral zone.
1:55 of 1st period - Ryan Nugent-Hopkins is hit by Victor Hedman and loses puck.
2:06 of 1st period - Shot by Mark Scheifele.
2:06 of 1st period - Shot Misses the Net.
2:08 of 1st period - Shot by Ryan Nugent-Hopkins.
2:08 of 1st period - Shot Misses the Net.
2:18 of 1st period - Shot by Alec Martinez.
2:18 of 1st period - Shot Misses the Net.
2:20 of 1st period - Shot by Jonas Siegenthaler.
2:20 of 1st period - Stopped by Tristan Jarry without a rebound.
2:21 of 1st period - Bo Horvat wins face-off versus Frederick Gaudreau in BOSTON Bruins zone.
2:21 of 1st period - Bo Horvat is hit by Michael Bunting.
2:45 of 1st period - Shot by Ryan Hartman.
2:45 of 1st period - Shot Misses the Net.
3:00 of 1st period - Frederick Gaudreau is hit by Matt Dumba and loses puck.
3:26 of 1st period - Michael Bunting is hit by Brad Hunt and loses puck.
3:33 of 1st period - Scott Mayfield is hit by Tomas Hertl and loses puck.
3:49 of 1st period - Minor Penalty to Mikey Anderson for Holding.
3:50 of 1st period - Brandon Sutter wins face-off versus Adrian Kempe in ARIZONA Coyotes zone.
4:47 of 1st period - Joel Eriksson Ek is hit by Auston Matthews and loses puck.
5:24 of 1st period - Shot by Kirill Kaprizov.
5:24 of 1st period - Shot Misses the Net.
5:26 of 1st period - Shot by Victor Hedman.
5:26 of 1st period - Stopped by Andrei Vasilevskiy without a rebound.
5:27 of 1st period - Tomas Hertl wins face-off versus Frederick Gaudreau in ARIZONA Coyotes zone.
6:39 of 1st period - Michael Pezzetta is hit by Michael Bunting and loses puck.
7:15 of 1st period - Adrian Kempe is hit by Jonas Siegenthaler and loses puck.
7:20 of 1st period - Shot by Adrian Kempe.
7:20 of 1st period - Shot Misses the Net.
7:25 of 1st period - Brad Marchand is hit by Jonas Siegenthaler and loses puck.
7:36 of 1st period - Shot by Joel Eriksson Ek.
7:36 of 1st period - Shot Misses the Net.
7:38 of 1st period - Shot by Andrew Peeke.
7:38 of 1st period - Stopped by Andrei Vasilevskiy without a rebound.
7:39 of 1st period - Blake Wheeler wins face-off versus Mark Scheifele in ARIZONA Coyotes zone.
7:57 of 1st period - Mark Scheifele is hit by Andrew Peeke and loses puck.
8:18 of 1st period - Shot by Mark Scheifele.
8:18 of 1st period - Stopped by Tristan Jarry without a rebound.
8:19 of 1st period - Auston Matthews wins face-off versus Joel Eriksson Ek in BOSTON Bruins zone.
8:35 of 1st period - Icing by Brad Hunt.
8:36 of 1st period - Joel Eriksson Ek wins face-off versus Brandon Sutter in BOSTON Bruins zone.
8:42 of 1st period - Jaycob Megna and Pierre-Edouard Bellemare fight to a draw.
8:42 of 1st period - Penalty to Jaycob Megna for Fighting.
8:42 of 1st period - Penalty to Pierre-Edouard Bellemare for Fighting.
8:43 of 1st period - Bo Horvat wins face-off versus Auston Matthews in ARIZONA Coyotes zone.
8:52 of 1st period - Shot by Bo Horvat.
8:52 of 1st period - Deflect By Brad Marchand.
8:52 of 1st period - Shot Blocked by Alec Martinez.
8:55 of 1st period - Icing by Auston Matthews.
8:56 of 1st period - Auston Matthews wins face-off versus Joel Eriksson Ek in ARIZONA Coyotes zone.
9:18 of 1st period - Shot by Auston Matthews.
9:18 of 1st period - Stopped by Tristan Jarry without a rebound.
9:19 of 1st period - Mark Scheifele wins face-off versus Bo Horvat in BOSTON Bruins zone.
9:22 of 1st period - Shot by Ryan Nugent-Hopkins.
9:22 of 1st period - Stopped by Tristan Jarry without a rebound.
9:23 of 1st period - Bo Horvat wins face-off versus Mark Scheifele in BOSTON Bruins zone.
9:42 of 1st period - Shot by Rickard Rakell.
9:42 of 1st period - Shot Blocked by Matt Dumba.
9:44 of 1st period - Shot by Vladislav Gavrikov.
9:44 of 1st period - Stopped by Tristan Jarry without a rebound.
9:45 of 1st period - Kirill Kaprizov wins face-off versus Auston Matthews in BOSTON Bruins zone.
9:47 of 1st period - Icing by Frank Vatrano.
9:48 of 1st period - Auston Matthews wins face-off versus Joel Eriksson Ek in BOSTON Bruins zone.
9:51 of 1st period - Shot by Artemi Panarin.
9:51 of 1st period - Stopped by Tristan Jarry with a rebound.
9:53 of 1st period - Shot by Artemi Panarin.
9:53 of 1st period - Goal by Artemi Panarin - ARIZONA Coyotes : 2 - BOSTON Bruins : 0.
9:54 of 1st period - Auston Matthews wins face-off versus Bo Horvat in neutral zone.
9:56 of 1st period - Vladislav Gavrikov is hit by Matt Dumba and loses puck.
10:23 of 1st period - Shot by Bo Horvat.
10:23 of 1st period - Shot Blocked by Roman Josi.
10:25 of 1st period - Shot by Bo Horvat.
10:25 of 1st period - Shot Misses the Net.
10:27 of 1st period - Shot by Matt Dumba.
10:27 of 1st period - Shot Hit the Post.
10:29 of 1st period - Shot by Bo Horvat.
10:29 of 1st period - Shot Misses the Net.
10:33 of 1st period - Shot by Brad Marchand.
10:33 of 1st period - Shot Misses the Net.
10:39 of 1st period - Shot by Bo Horvat.
10:39 of 1st period - Stopped by Andrei Vasilevskiy with a rebound.
10:46 of 1st period - Icing by Roman Josi.
10:47 of 1st period - Auston Matthews wins face-off versus Joel Eriksson Ek in ARIZONA Coyotes zone.
10:47 of 1st period - Vladislav Gavrikov is hit by Joel Eriksson Ek and loses puck.
10:58 of 1st period - Shot by Kirill Kaprizov.
10:58 of 1st period - Goal by Kirill Kaprizov - ARIZONA Coyotes : 2 - BOSTON Bruins : 1.
10:59 of 1st period - Tomas Hertl wins face-off versus Ryan Nugent-Hopkins in neutral zone.
11:49 of 1st period - Icing by Victor Hedman.
11:50 of 1st period - Tomas Hertl wins face-off versus Brandon Sutter in BOSTON Bruins zone.
12:52 of 1st period - Icing by Roman Josi.
12:53 of 1st period - Joel Eriksson Ek wins face-off versus Auston Matthews in ARIZONA Coyotes zone.
13:06 of 1st period - Shot by Joel Eriksson Ek.
13:06 of 1st period - Stopped by Andrei Vasilevskiy without a rebound.
13:07 of 1st period - Mark Scheifele wins face-off versus Adam Lowry in ARIZONA Coyotes zone.
13:24 of 1st period - Shot by Rickard Rakell.
13:24 of 1st period - Stopped by Tristan Jarry without a rebound.
13:25 of 1st period - Auston Matthews wins face-off versus Joel Eriksson Ek in BOSTON Bruins zone.
14:39 of 1st period - Off-side.
14:40 of 1st period - Ryan Nugent-Hopkins wins face-off versus Tomas Hertl in neutral zone.
15:03 of 1st period - Shot by Rickard Rakell.
15:03 of 1st period - Shot Blocked by Jaycob Megna.
15:07 of 1st period - Shot by Mark Scheifele.
15:07 of 1st period - Stopped by Tristan Jarry with a rebound.
15:09 of 1st period - Shot by Mark Scheifele.
15:09 of 1st period - Shot Misses the Net.
15:17 of 1st period - Shot by Ryan Nugent-Hopkins.
15:17 of 1st period - Shot Misses the Net.
15:19 of 1st period - Shot by Ryan Nugent-Hopkins.
15:19 of 1st period - Shot Misses the Net.
15:21 of 1st period - Shot by Alec Martinez.
15:21 of 1st period - Deflect By Mark Scheifele.
15:21 of 1st period - Stopped by Tristan Jarry without a rebound.
15:22 of 1st period - Joel Eriksson Ek wins face-off versus Brandon Sutter in BOSTON Bruins zone.
15:26 of 1st period - Icing by Victor Hedman.
15:27 of 1st period - Joel Eriksson Ek wins face-off versus Brandon Sutter in BOSTON Bruins zone.
15:52 of 1st period - Shot by Brandon Sutter.
15:52 of 1st period - Stopped by Tristan Jarry with a rebound.
15:54 of 1st period - Shot by Brandon Sutter.
15:54 of 1st period - Shot Blocked by Shea Theodore.
15:56 of 1st period - Shot by Pierre-Edouard Bellemare.
15:56 of 1st period - Goal by Pierre-Edouard Bellemare - ARIZONA Coyotes : 3 - BOSTON Bruins : 1.
15:57 of 1st period - Bo Horvat wins face-off versus Auston Matthews in neutral zone.
16:13 of 1st period - Minor Penalty to Andrew Peeke for Holding.
16:14 of 1st period - Auston Matthews wins face-off versus Adam Lowry in BOSTON Bruins zone.
16:45 of 1st period - Shot by Ryan Nugent-Hopkins.
16:45 of 1st period - Shot Misses the Net.
17:43 of 1st period - Shot by Sam Reinhart.
17:43 of 1st period - Goal by Sam Reinhart - ARIZONA Coyotes : 4 - BOSTON Bruins : 1.
17:44 of 1st period - Brandon Sutter wins face-off versus Joel Eriksson Ek in neutral zone.
17:50 of 1st period - Icing by Joel Eriksson Ek.
17:51 of 1st period - Brandon Sutter wins face-off versus Joel Eriksson Ek in BOSTON Bruins zone.
18:19 of 1st period - Shot by Kirill Kaprizov.
18:19 of 1st period - Shot Misses the Net.
18:21 of 1st period - Shot by Joel Eriksson Ek.
18:21 of 1st period - Shot Blocked by Brandon Sutter.
18:23 of 1st period - Shot by Jaycob Megna.
18:23 of 1st period - Shot Misses the Net.
18:25 of 1st period - Shot by Kirill Kaprizov.
18:25 of 1st period - Goal by Kirill Kaprizov - ARIZONA Coyotes : 4 - BOSTON Bruins : 2.
18:26 of 1st period - Bo Horvat wins face-off versus Auston Matthews in neutral zone.
18:26 of 1st period - Victor Hedman is hit by Auston Matthews.
18:49 of 1st period - Adrian Kempe is hit by Vladislav Gavrikov and loses puck.
18:55 of 1st period - Bo Horvat is hit by Roman Josi and loses puck.
18:59 of 1st period - Bo Horvat is hit by Roman Josi and loses puck.
19:08 of 1st period - Shot by Adrian Kempe.
19:08 of 1st period - Deflect By Brad Marchand.
19:08 of 1st period - Shot Blocked by Vladislav Gavrikov.
19:26 of 1st period - Shot by Andrew Peeke.
19:26 of 1st period - Stopped by Andrei Vasilevskiy with a rebound.
19:28 of 1st period - Shot by Andrew Peeke.
19:28 of 1st period - Stopped by Andrei Vasilevskiy with a rebound.
19:36 of 1st period - Shot by Tomas Hertl.
19:36 of 1st period - Shot Misses the Net.
19:38 of 1st period - Shot by Tomas Hertl.
19:38 of 1st period - Stopped by Andrei Vasilevskiy without a rebound.
19:39 of 1st period - Joel Eriksson Ek wins face-off versus Mark Scheifele in ARIZONA Coyotes zone.
19:52 of 1st period - Shot by Joel Eriksson Ek.
19:52 of 1st period - Shot Misses the Net.
Goals for this period are 4 for ARIZONA Coyotes vs 2 for BOSTON Bruins.
Shots for this period are 18 for ARIZONA Coyotes vs 9 for BOSTON Bruins.

2nd period


0:01 of 2nd period - Mark Scheifele wins face-off versus Adrian Kempe in neutral zone.
0:18 of 2nd period - Shot by Ryan Nugent-Hopkins.
0:18 of 2nd period - Shot Misses the Net.
0:20 of 2nd period - Shot by Roman Josi.
0:20 of 2nd period - Shot Misses the Net.
1:01 of 2nd period - Icing by Alec Martinez.
1:02 of 2nd period - Auston Matthews wins face-off versus Joel Eriksson Ek in ARIZONA Coyotes zone.
1:02 of 2nd period - Auston Matthews is hit by Joel Eriksson Ek.
1:18 of 2nd period - Shot by Joel Eriksson Ek.
1:18 of 2nd period - Stopped by Andrei Vasilevskiy without a rebound.
1:19 of 2nd period - Tomas Hertl wins face-off versus Frederick Gaudreau in ARIZONA Coyotes zone.
2:25 of 2nd period - Icing by Scott Mayfield.
2:26 of 2nd period - Brad Marchand wins face-off versus Frederick Gaudreau in ARIZONA Coyotes zone.
3:23 of 2nd period - Shot by Kirill Kaprizov.
3:23 of 2nd period - Stopped by Andrei Vasilevskiy without a rebound.
3:24 of 2nd period - Mark Scheifele wins face-off versus Joel Eriksson Ek in ARIZONA Coyotes zone.
3:24 of 2nd period - Mark Scheifele is hit by Joel Eriksson Ek.
3:27 of 2nd period - Minor Penalty to Frank Vatrano for Holding.
3:28 of 2nd period - Adam Lowry wins face-off versus Auston Matthews in BOSTON Bruins zone.
3:48 of 2nd period - Shot by Brad Marchand.
3:48 of 2nd period - Shot Hit the Post.
3:50 of 2nd period - Shot by Adam Lowry.
3:50 of 2nd period - Stopped by Andrei Vasilevskiy without a rebound.
3:51 of 2nd period - Adam Lowry wins face-off versus Sam Reinhart in ARIZONA Coyotes zone.
4:15 of 2nd period - Shea Theodore is hit by Michael Bunting and loses puck.
4:50 of 2nd period - Shot by Ryan Nugent-Hopkins.
4:50 of 2nd period - Stopped by Tristan Jarry without a rebound.
4:51 of 2nd period - Adam Lowry wins face-off versus Auston Matthews in BOSTON Bruins zone.
4:51 of 2nd period - Adam Lowry is hit by Mark Scheifele.
5:05 of 2nd period - Shot by Auston Matthews.
5:05 of 2nd period - Shot Misses the Net.
5:13 of 2nd period - Shot by Auston Matthews.
5:13 of 2nd period - Deflect By Artemi Panarin.
5:13 of 2nd period - Stopped by Tristan Jarry without a rebound.
5:14 of 2nd period - Auston Matthews wins face-off versus Adam Lowry in BOSTON Bruins zone.
5:23 of 2nd period - Shot by Ryan Nugent-Hopkins.
5:23 of 2nd period - Shot Misses the Net.
5:25 of 2nd period - Shot by Auston Matthews.
5:25 of 2nd period - Shot Misses the Net.
6:03 of 2nd period - Shot by Nick Bonino.
6:03 of 2nd period - Shot Misses the Net.
6:05 of 2nd period - Shot by Alec Martinez.
6:05 of 2nd period - Shot Misses the Net.
6:07 of 2nd period - Shot by Jonas Siegenthaler.
6:07 of 2nd period - Stopped by Tristan Jarry without a rebound.
6:08 of 2nd period - Mark Scheifele wins face-off versus Tomas Hertl in BOSTON Bruins zone.
6:10 of 2nd period - Minor Penalty to Victor Hedman for Roughing.
6:11 of 2nd period - Mark Scheifele wins face-off versus Adam Lowry in BOSTON Bruins zone.
6:12 of 2nd period - Shot by Roman Josi.
6:12 of 2nd period - Stopped by Tristan Jarry without a rebound.
6:13 of 2nd period - Adam Lowry wins face-off versus Auston Matthews in BOSTON Bruins zone.
6:22 of 2nd period - Auston Matthews is hit by Adam Lowry.
6:26 of 2nd period - Shot by Roman Josi.
6:26 of 2nd period - Stopped by Tristan Jarry with a rebound.
6:52 of 2nd period - Shot by Ryan Nugent-Hopkins.
6:52 of 2nd period - Shot Misses the Net.
6:54 of 2nd period - Shot by Auston Matthews.
6:54 of 2nd period - Shot Misses the Net.
6:56 of 2nd period - Shot by Auston Matthews.
6:56 of 2nd period - Shot Misses the Net.
6:58 of 2nd period - Shot by Ryan Nugent-Hopkins.
6:58 of 2nd period - Deflect By Auston Matthews.
6:58 of 2nd period - Stopped by Tristan Jarry without a rebound.
6:59 of 2nd period - Joel Eriksson Ek wins face-off versus Sam Reinhart in BOSTON Bruins zone.
8:45 of 2nd period - Shot by Brandon Sutter.
8:45 of 2nd period - Deflect By Pierre-Edouard Bellemare.
8:45 of 2nd period - Shot Blocked by Victor Hedman.
9:08 of 2nd period - Minor Penalty to Tomas Hertl for Tripping.
9:09 of 2nd period - Auston Matthews wins face-off versus Adam Lowry in BOSTON Bruins zone.
9:36 of 2nd period - Shot by Ryan Nugent-Hopkins.
9:36 of 2nd period - Stopped by Tristan Jarry without a rebound.
9:37 of 2nd period - Adam Lowry wins face-off versus Sam Reinhart in BOSTON Bruins zone.
10:36 of 2nd period - Sam Reinhart is hit by Matt Dumba and loses puck.
11:12 of 2nd period - Icing by Brad Hunt.
11:13 of 2nd period - Brandon Sutter wins face-off versus Joel Eriksson Ek in BOSTON Bruins zone.
11:30 of 2nd period - Shot by Pierre-Edouard Bellemare.
11:30 of 2nd period - Shot Blocked by Jaycob Megna.
11:32 of 2nd period - Shot by Brandon Sutter.
11:32 of 2nd period - Shot Misses the Net.
11:41 of 2nd period - Icing by Brad Hunt.
11:42 of 2nd period - Joel Eriksson Ek wins face-off versus Auston Matthews in BOSTON Bruins zone.
11:49 of 2nd period - Shot by Joel Eriksson Ek.
11:49 of 2nd period - Stopped by Andrei Vasilevskiy without a rebound.
11:50 of 2nd period - Tomas Hertl wins face-off versus Mark Scheifele in ARIZONA Coyotes zone.
11:53 of 2nd period - Shot by Blake Wheeler.
11:53 of 2nd period - Deflect By Tomas Hertl.
11:53 of 2nd period - Stopped by Andrei Vasilevskiy without a rebound.
11:54 of 2nd period - Bo Horvat wins face-off versus Mark Scheifele in ARIZONA Coyotes zone.
12:18 of 2nd period - Icing by Vladislav Gavrikov.
12:19 of 2nd period - Joel Eriksson Ek wins face-off versus Mark Scheifele in ARIZONA Coyotes zone.
12:40 of 2nd period - Ryan Nugent-Hopkins is hit by Joel Eriksson Ek.
12:44 of 2nd period - Shot by Ryan Nugent-Hopkins.
12:44 of 2nd period - Stopped by Tristan Jarry without a rebound.
12:45 of 2nd period - Auston Matthews wins face-off versus Bo Horvat in BOSTON Bruins zone.
12:55 of 2nd period - Minor Penalty to Andrew Peeke for Diving.
12:56 of 2nd period - Adam Lowry wins face-off versus Artemi Panarin in BOSTON Bruins zone.
14:34 of 2nd period - Off-side.
14:35 of 2nd period - Adam Lowry wins face-off versus Auston Matthews in neutral zone.
14:53 of 2nd period - Shot by Artemi Panarin.
14:53 of 2nd period - Shot Misses the Net.
15:39 of 2nd period - Icing by Brandon Sutter.
15:40 of 2nd period - Bo Horvat wins face-off versus Brandon Sutter in ARIZONA Coyotes zone.
15:54 of 2nd period - Shot by Brad Marchand.
15:54 of 2nd period - Stopped by Andrei Vasilevskiy without a rebound.
15:55 of 2nd period - Tomas Hertl wins face-off versus Auston Matthews in ARIZONA Coyotes zone.
16:04 of 2nd period - Shot by Nathan Walker.
16:04 of 2nd period - Deflect By Tomas Hertl.
16:04 of 2nd period - Shot Blocked by Roman Josi.
16:06 of 2nd period - Shot by Shea Theodore.
16:06 of 2nd period - Stopped by Andrei Vasilevskiy with a rebound.
16:08 of 2nd period - Shot by Victor Hedman.
16:08 of 2nd period - Shot Misses the Net.
16:16 of 2nd period - Shot by Tomas Hertl.
16:16 of 2nd period - Shot Blocked by Vladislav Gavrikov.
16:58 of 2nd period - Shot by Bo Horvat.
16:58 of 2nd period - Deflect By Adrian Kempe.
16:58 of 2nd period - Shot Misses the Net.
17:00 of 2nd period - Shot by Bo Horvat.
17:00 of 2nd period - Stopped by Andrei Vasilevskiy without a rebound.
17:01 of 2nd period - Bo Horvat wins face-off versus Frederick Gaudreau in ARIZONA Coyotes zone.
17:33 of 2nd period - Shot by Michael Bunting.
17:33 of 2nd period - Stopped by Tristan Jarry without a rebound.
17:34 of 2nd period - Mark Scheifele wins face-off versus Joel Eriksson Ek in BOSTON Bruins zone.
17:34 of 2nd period - Mark Scheifele is hit by Jaycob Megna.
17:44 of 2nd period - Shot by Joel Eriksson Ek.
17:44 of 2nd period - Shot Misses the Net.
17:46 of 2nd period - Shot by Brad Hunt.
17:46 of 2nd period - Shot Misses the Net.
17:48 of 2nd period - Shot by Kirill Kaprizov.
17:48 of 2nd period - Stopped by Andrei Vasilevskiy without a rebound.
17:49 of 2nd period - Adam Lowry wins face-off versus Artemi Panarin in ARIZONA Coyotes zone.
18:15 of 2nd period - Shot by Artemi Panarin.
18:15 of 2nd period - Stopped by Tristan Jarry without a rebound.
18:16 of 2nd period - Mark Scheifele wins face-off versus Bo Horvat in BOSTON Bruins zone.
18:29 of 2nd period - Shot by Mark Scheifele.
18:29 of 2nd period - Shot Misses the Net.
18:31 of 2nd period - Shot by Mikey Anderson.
18:31 of 2nd period - Deflect By Ryan Nugent-Hopkins.
18:31 of 2nd period - Shot Misses the Net.
18:33 of 2nd period - Shot by Rickard Rakell.
18:33 of 2nd period - Deflect By Mark Scheifele.
18:33 of 2nd period - Stopped by Tristan Jarry without a rebound.
18:34 of 2nd period - Joel Eriksson Ek wins face-off versus Sam Reinhart in BOSTON Bruins zone.
18:38 of 2nd period - Kirill Kaprizov is hit by Artemi Panarin and loses puck.
19:00 of 2nd period - Shot by Auston Matthews.
19:00 of 2nd period - Stopped by Tristan Jarry without a rebound.
19:01 of 2nd period - Bo Horvat wins face-off versus Rickard Rakell in BOSTON Bruins zone.
19:14 of 2nd period - Ryan Nugent-Hopkins is hit by Matt Dumba.
19:18 of 2nd period - Shot by Mark Scheifele.
19:18 of 2nd period - Shot Hit the Post.
19:20 of 2nd period - Shot by Scott Mayfield.
19:20 of 2nd period - Deflect By Ryan Nugent-Hopkins.
19:20 of 2nd period - Shot Blocked by Adrian Kempe.
19:45 of 2nd period - Icing by Andrew Peeke.
19:46 of 2nd period - Auston Matthews wins face-off versus Bo Horvat in BOSTON Bruins zone.
Goals for this period are 0 for ARIZONA Coyotes vs 0 for BOSTON Bruins.
Shots for this period are 12 for ARIZONA Coyotes vs 9 for BOSTON Bruins.

3rd period


0:01 of 3rd period - Bo Horvat wins face-off versus Auston Matthews in neutral zone.
0:10 of 3rd period - Shot by Auston Matthews.
0:10 of 3rd period - Stopped by Tristan Jarry with a rebound.
0:12 of 3rd period - Shot by Vladislav Gavrikov.
0:12 of 3rd period - Shot Misses the Net.
0:14 of 3rd period - Shot by Sam Reinhart.
0:14 of 3rd period - Deflect By Artemi Panarin.
0:14 of 3rd period - Stopped by Tristan Jarry with a rebound.
0:16 of 3rd period - Shot by Sam Reinhart.
0:16 of 3rd period - Goal by Sam Reinhart - ARIZONA Coyotes : 5 - BOSTON Bruins : 2.
0:17 of 3rd period - Mark Scheifele wins face-off versus Joel Eriksson Ek in neutral zone.
1:09 of 3rd period - Icing by Jonas Siegenthaler.
1:10 of 3rd period - Mark Scheifele wins face-off versus Bo Horvat in ARIZONA Coyotes zone.
1:33 of 3rd period - Shot by Sam Reinhart.
1:33 of 3rd period - Stopped by Tristan Jarry with a rebound.
1:35 of 3rd period - Shot by Vladislav Gavrikov.
1:35 of 3rd period - Stopped by Tristan Jarry without a rebound.
1:36 of 3rd period - Frederick Gaudreau wins face-off versus Tomas Hertl in BOSTON Bruins zone.
1:43 of 3rd period - Shot by Frederick Gaudreau.
1:43 of 3rd period - Stopped by Tristan Jarry without a rebound.
1:44 of 3rd period - Auston Matthews wins face-off versus Tomas Hertl in BOSTON Bruins zone.
1:47 of 3rd period - Shot by Auston Matthews.
1:47 of 3rd period - Shot Hit the Post.
2:03 of 3rd period - Shot by Tomas Hertl.
2:03 of 3rd period - Goal by Tomas Hertl - ARIZONA Coyotes : 5 - BOSTON Bruins : 3.
2:04 of 3rd period - Frederick Gaudreau wins face-off versus Bo Horvat in neutral zone.
2:39 of 3rd period - Shot by Michael Bunting.
2:39 of 3rd period - Deflect By Ryan Hartman.
2:39 of 3rd period - Shot Misses the Net.
2:41 of 3rd period - Shot by Scott Mayfield.
2:41 of 3rd period - Shot Blocked by Andrew Peeke.
3:17 of 3rd period - Shot by Frank Vatrano.
3:17 of 3rd period - Stopped by Andrei Vasilevskiy without a rebound.
3:18 of 3rd period - Mark Scheifele wins face-off versus Tomas Hertl in ARIZONA Coyotes zone.
3:46 of 3rd period - Off-side.
3:47 of 3rd period - Joel Eriksson Ek wins face-off versus Auston Matthews in neutral zone.
4:14 of 3rd period - Shot by Frank Vatrano.
4:14 of 3rd period - Stopped by Andrei Vasilevskiy with a rebound.
4:16 of 3rd period - Shot by Kirill Kaprizov.
4:16 of 3rd period - Stopped by Andrei Vasilevskiy with a rebound.
4:18 of 3rd period - Shot by Shea Theodore.
4:18 of 3rd period - Stopped by Andrei Vasilevskiy with a rebound.
4:22 of 3rd period - Shot by Kirill Kaprizov.
4:22 of 3rd period - Stopped by Andrei Vasilevskiy without a rebound.
4:23 of 3rd period - Mark Scheifele wins face-off versus Brad Marchand in ARIZONA Coyotes zone.
4:23 of 3rd period - Ryan Nugent-Hopkins is hit by Adrian Kempe and loses puck.
4:41 of 3rd period - Adrian Kempe is hit by Jonas Siegenthaler and loses puck.
4:48 of 3rd period - Shot by Bo Horvat.
4:48 of 3rd period - Shot Misses the Net.
4:50 of 3rd period - Shot by Matt Dumba.
4:50 of 3rd period - Goal by Matt Dumba - ARIZONA Coyotes : 5 - BOSTON Bruins : 4.
4:51 of 3rd period - Tomas Hertl wins face-off versus Frederick Gaudreau in neutral zone.
5:20 of 3rd period - Shot by Nathan Walker.
5:20 of 3rd period - Stopped by Andrei Vasilevskiy without a rebound.
5:21 of 3rd period - Auston Matthews wins face-off versus Bo Horvat in ARIZONA Coyotes zone.
6:31 of 3rd period - Icing by Kirill Kaprizov.
6:32 of 3rd period - Joel Eriksson Ek wins face-off versus Mark Scheifele in BOSTON Bruins zone.
6:49 of 3rd period - Shot by Mark Scheifele.
6:49 of 3rd period - Stopped by Tristan Jarry without a rebound.
6:50 of 3rd period - Tomas Hertl wins face-off versus Frederick Gaudreau in BOSTON Bruins zone.
6:59 of 3rd period - Shot by Frederick Gaudreau.
6:59 of 3rd period - Stopped by Tristan Jarry without a rebound.
7:00 of 3rd period - Mark Scheifele wins face-off versus Adam Lowry in BOSTON Bruins zone.
7:12 of 3rd period - Shot by Mark Scheifele.
7:12 of 3rd period - Stopped by Tristan Jarry without a rebound.
7:13 of 3rd period - Auston Matthews wins face-off versus Brad Marchand in BOSTON Bruins zone.
7:13 of 3rd period - Artemi Panarin is hit by Andrew Peeke and loses puck.
7:33 of 3rd period - Icing by Auston Matthews.
7:34 of 3rd period - Auston Matthews wins face-off versus Joel Eriksson Ek in ARIZONA Coyotes zone.
8:08 of 3rd period - Off-side.
8:09 of 3rd period - Mark Scheifele wins face-off versus Bo Horvat in neutral zone.
8:44 of 3rd period - Shot by Ryan Nugent-Hopkins.
8:44 of 3rd period - Shot Misses the Net.
8:46 of 3rd period - Shot by Ryan Nugent-Hopkins.
8:46 of 3rd period - Shot Misses the Net.
8:48 of 3rd period - Shot by Scott Mayfield.
8:48 of 3rd period - Stopped by Tristan Jarry with a rebound.
8:50 of 3rd period - Shot by Mark Scheifele.
8:50 of 3rd period - Stopped by Tristan Jarry without a rebound.
8:51 of 3rd period - Joel Eriksson Ek wins face-off versus Frederick Gaudreau in BOSTON Bruins zone.
9:09 of 3rd period - Shot by Frederick Gaudreau.
9:09 of 3rd period - Stopped by Tristan Jarry without a rebound.
9:10 of 3rd period - Auston Matthews wins face-off versus Tomas Hertl in BOSTON Bruins zone.
9:13 of 3rd period - Shot by Sam Reinhart.
9:13 of 3rd period - Shot Blocked by Tomas Hertl.
9:30 of 3rd period - Minor Penalty to Vladislav Gavrikov for Tripping.
9:31 of 3rd period - Bo Horvat wins face-off versus Brandon Sutter in ARIZONA Coyotes zone.
9:38 of 3rd period - Shot by Kirill Kaprizov.
9:38 of 3rd period - Goal by Kirill Kaprizov - ARIZONA Coyotes : 5 - BOSTON Bruins : 5.
9:39 of 3rd period - Bo Horvat wins face-off versus Auston Matthews in neutral zone.
9:49 of 3rd period - Shot by Artemi Panarin.
9:49 of 3rd period - Shot Misses the Net.
9:51 of 3rd period - Shot by Auston Matthews.
9:51 of 3rd period - Deflect By Artemi Panarin.
9:51 of 3rd period - Stopped by Tristan Jarry without a rebound.
9:52 of 3rd period - Mark Scheifele wins face-off versus Joel Eriksson Ek in BOSTON Bruins zone.
9:54 of 3rd period - Ryan Nugent-Hopkins is hit by Victor Hedman and loses puck.
11:54 of 3rd period - Shot by Frederick Gaudreau.
11:54 of 3rd period - Stopped by Tristan Jarry without a rebound.
11:55 of 3rd period - Tomas Hertl wins face-off versus Brandon Sutter in BOSTON Bruins zone.
11:55 of 3rd period - Tomas Hertl is hit by Pierre-Edouard Bellemare.
11:56 of 3rd period - Minor Penalty to Pierre-Edouard Bellemare for Cross-checking.
11:57 of 3rd period - Tomas Hertl wins face-off versus Brandon Sutter in ARIZONA Coyotes zone.
11:58 of 3rd period - Shot by Kirill Kaprizov.
11:58 of 3rd period - Shot Misses the Net.
12:06 of 3rd period - Shot by Joel Eriksson Ek.
12:06 of 3rd period - Stopped by Andrei Vasilevskiy without a rebound.
12:07 of 3rd period - Brandon Sutter wins face-off versus Tomas Hertl in ARIZONA Coyotes zone.
12:18 of 3rd period - Shot by Shea Theodore.
12:18 of 3rd period - Shot Blocked by Brandon Sutter.
12:36 of 3rd period - Shot by Shea Theodore.
12:36 of 3rd period - Shot Hit the Post.
13:00 of 3rd period - Shot by Kirill Kaprizov.
13:00 of 3rd period - Shot Misses the Net.
13:02 of 3rd period - Shot by Victor Hedman.
13:02 of 3rd period - Stopped by Andrei Vasilevskiy without a rebound.
13:03 of 3rd period - Brandon Sutter wins face-off versus Bo Horvat in ARIZONA Coyotes zone.
13:14 of 3rd period - Mikey Anderson is hit by Bo Horvat.
13:31 of 3rd period - Kirill Kaprizov is hit by Vladislav Gavrikov and loses puck.
13:39 of 3rd period - Icing by Bo Horvat.
13:40 of 3rd period - Brandon Sutter wins face-off versus Bo Horvat in BOSTON Bruins zone.
13:57 of 3rd period - Shot by Blake Wheeler.
13:57 of 3rd period - Stopped by Andrei Vasilevskiy without a rebound.
13:58 of 3rd period - Nathan Walker wins face-off versus Auston Matthews in ARIZONA Coyotes zone.
14:22 of 3rd period - Tomas Hertl is hit by Vladislav Gavrikov and loses puck.
14:30 of 3rd period - Blake Wheeler is hit by Roman Josi and loses puck.
14:41 of 3rd period - Shot by Blake Wheeler.
14:41 of 3rd period - Deflect By Tomas Hertl.
14:41 of 3rd period - Stopped by Andrei Vasilevskiy without a rebound.
14:42 of 3rd period - Mark Scheifele wins face-off versus Adam Lowry in ARIZONA Coyotes zone.
14:42 of 3rd period - Alec Martinez is hit by Michael Pezzetta and loses puck.
14:54 of 3rd period - Mark Scheifele is hit by Victor Hedman and loses puck.
14:57 of 3rd period - Shot by Ryan Nugent-Hopkins.
14:57 of 3rd period - Shot Misses the Net.
15:00 of 3rd period - Minor Penalty to Victor Hedman for High sticking.
15:01 of 3rd period - Adam Lowry wins face-off versus Auston Matthews in BOSTON Bruins zone.
15:24 of 3rd period - Shot by Mark Scheifele.
15:24 of 3rd period - Stopped by Tristan Jarry without a rebound.
15:25 of 3rd period - Adam Lowry wins face-off versus Sam Reinhart in BOSTON Bruins zone.
15:34 of 3rd period - Shot by Scott Mayfield.
15:34 of 3rd period - Stopped by Tristan Jarry without a rebound.
15:35 of 3rd period - Sam Reinhart wins face-off versus Adam Lowry in BOSTON Bruins zone.
15:51 of 3rd period - Shot by Roman Josi.
15:51 of 3rd period - Shot Blocked by Matt Dumba.
15:53 of 3rd period - Shot by Ryan Nugent-Hopkins.
15:53 of 3rd period - Shot Blocked by Brad Marchand.
15:55 of 3rd period - Shot by Ryan Nugent-Hopkins.
15:55 of 3rd period - Stopped by Tristan Jarry with a rebound.
15:57 of 3rd period - Shot by Roman Josi.
15:57 of 3rd period - Shot Misses the Net.
15:59 of 3rd period - Shot by Ryan Hartman.
15:59 of 3rd period - Stopped by Tristan Jarry without a rebound.
16:00 of 3rd period - Auston Matthews wins face-off versus Adam Lowry in BOSTON Bruins zone.
16:13 of 3rd period - Shot by Mark Scheifele.
16:13 of 3rd period - Shot Misses the Net.
16:15 of 3rd period - Shot by Scott Mayfield.
16:15 of 3rd period - Shot Blocked by Andrew Peeke.
16:17 of 3rd period - Shot by Mark Scheifele.
16:17 of 3rd period - Shot Misses the Net.
16:19 of 3rd period - Shot by Mark Scheifele.
16:19 of 3rd period - Deflect By Auston Matthews.
16:19 of 3rd period - Shot Misses the Net.
16:21 of 3rd period - Shot by Mark Scheifele.
16:21 of 3rd period - Shot Misses the Net.
16:23 of 3rd period - Shot by Artemi Panarin.
16:23 of 3rd period - Stopped by Tristan Jarry without a rebound.
16:24 of 3rd period - Tomas Hertl wins face-off versus Rickard Rakell in BOSTON Bruins zone.
16:42 of 3rd period - Ryan Hartman is hit by Jaycob Megna and loses puck.
17:13 of 3rd period - Joel Eriksson Ek is hit by Jonas Siegenthaler and loses puck.
17:26 of 3rd period - Shot by Joel Eriksson Ek.
17:26 of 3rd period - Stopped by Andrei Vasilevskiy without a rebound.
17:27 of 3rd period - Auston Matthews wins face-off versus Tomas Hertl in ARIZONA Coyotes zone.
17:54 of 3rd period - Off-side.
17:55 of 3rd period - Mark Scheifele wins face-off versus Joel Eriksson Ek in neutral zone.
18:29 of 3rd period - Off-side.
18:30 of 3rd period - Brad Marchand wins face-off versus Auston Matthews in neutral zone.
18:35 of 3rd period - Icing by Mikey Anderson.
18:36 of 3rd period - Bo Horvat wins face-off versus Auston Matthews in ARIZONA Coyotes zone.
18:52 of 3rd period - Auston Matthews is hit by Matt Dumba and loses puck.
19:17 of 3rd period - Shot by Auston Matthews.
19:17 of 3rd period - Shot Misses the Net.
19:19 of 3rd period - Shot by Auston Matthews.
19:19 of 3rd period - Stopped by Tristan Jarry without a rebound.
19:20 of 3rd period - Joel Eriksson Ek wins face-off versus Mark Scheifele in BOSTON Bruins zone.
19:20 of 3rd period - Joel Eriksson Ek is hit by Mark Scheifele.
Goals for this period are 1 for ARIZONA Coyotes vs 3 for BOSTON Bruins.
Shots for this period are 20 for ARIZONA Coyotes vs 14 for BOSTON Bruins.

Overtime #1


0:01 of 1st overtime period - Tomas Hertl wins face-off versus Auston Matthews in neutral zone.
0:10 of 1st overtime period - Shot by Tomas Hertl.
0:10 of 1st overtime period - Deflect By Nathan Walker.
0:10 of 1st overtime period - Shot Blocked by Artemi Panarin.
0:12 of 1st overtime period - Shot by Nathan Walker.
0:12 of 1st overtime period - Shot Hit the Post.
0:14 of 1st overtime period - Shot by Andrew Peeke.
0:14 of 1st overtime period - Stopped by Andrei Vasilevskiy without a rebound.
0:15 of 1st overtime period - Auston Matthews wins face-off versus Tomas Hertl in ARIZONA Coyotes zone.
1:11 of 1st overtime period - Icing by Matt Dumba.
1:12 of 1st overtime period - Pierre-Edouard Bellemare wins face-off versus Adam Lowry in BOSTON Bruins zone.
1:13 of 1st overtime period - Shot by Rickard Rakell.
1:13 of 1st overtime period - Shot Blocked by Matt Dumba.
1:29 of 1st overtime period - Shot by Adam Lowry.
1:29 of 1st overtime period - Stopped by Andrei Vasilevskiy without a rebound.
1:30 of 1st overtime period - Auston Matthews wins face-off versus Tomas Hertl in ARIZONA Coyotes zone.
1:55 of 1st overtime period - Shot by Artemi Panarin.
1:55 of 1st overtime period - Shot Misses the Net.
2:19 of 1st overtime period - Shot by Matt Dumba.
2:19 of 1st overtime period - Goal by Matt Dumba - ARIZONA Coyotes : 5 - BOSTON Bruins : 6.
Goals for this period are 0 for ARIZONA Coyotes vs 1 for BOSTON Bruins.
Shots for this period are 0 for ARIZONA Coyotes vs 3 for BOSTON Bruins. Output by the SimonT Hockey Simulator (STHS) for Martin Benoit - Original Page W3C HTML5 Valid
Hockey Simulator - Hockey Simulation - Hockey Manager